 Dungeon Crawl Stone Soup version 0.31-a0-675-g238779eb0a (webtiles) character file.

Game seed: 8279417289540270046

41 Bravepunisher the Ducker (level 3, -5/19 HPs)
             Began as a Spriggan Monk on Sept 5, 2023.
             Slain by a lemure (9 damage)
             ... led by Pikel
             ... on level 4 of the Dungeon.
             The game lasted 00:02:15 (512 turns).

Bravepunisher the Ducker (Spriggan Monk)             Turns: 512, Time: 00:02:15

Health: -5/19      AC:  2    Str:  7    XL:     3   Next: 32%
Magic:  4/4        EV: 20    Int: 11    God:
Gold:   54         SH:  0    Dex: 19    Spells: 2/2 levels left

rFire   . . .        a - +0 short sword
rCold   . . .        d - orb {light}
rNeg    . . .        b - +0 robe
rPois   .            (helmet restricted)
rElec   .            (no cloak)
rCorr   .            (gloves unavailable)
SInv    +            (boots unavailable)
Will    .....        (no amulet)
Stlth   +            (no ring)
HPRegen 0.23/turn    (no ring)
MPRegen 0.09/turn

%: no passive effects
@: glowing, very quick
A: very small, no large weapons, unfitting armour, see invisible, speed 3
a: no special abilities


You were on level 4 of the Dungeon.
You visited 1 branch of the dungeon, and saw 4 of its levels.

You collected 54 gold pieces.

Inventory:

Hand Weapons
 a - a +0 short sword (weapon)
Armour
 b - a +0 robe (worn)
 d - an orb of light (worn)
Potions
 c - a potion of ambrosia


   Skills:
 + Level 2.9 Fighting
 - Level 3.2 Short Blades
 * Level 5.3 Dodging


You had 2 spell levels left.
You didn't know any spells.
Your spell library contained the following spells:

 Spells                   Type           Power      Damage    Failure   Level
 Hailstorm                Conj/Ice       0%         3d3       71%         3
 Summon Ice Beast         Ice/Summ       0%         N/A       98%         4
 Simulacrum               Ice/Necr       0%         N/A       100%        6


Dungeon Overview and Level Annotations

Branches:
Dungeon (4/15)
 Temple: D:4-7

Altars:
Qazlal

Annotations:
D:4 Pikel


Innate Abilities, Weirdness & Mutations

You are very small and have problems with some larger weapons.
You are too small for most types of armour.
You have supernaturally acute eyesight. (SInv)
You cover ground extremely quickly. (Speed+++)


Message History

You hit the adder but do no damage.
The adder is moderately wounded.
The adder completely misses you.
You hit the adder.
The adder is severely wounded.
The adder misses you.
You hit the adder.
You kill the adder!
The kobold hits you with a +0 whip.
You hit the kobold.
You kill the kobold!
Things that are here:
a +0 whip; a kobold corpse HP restored.
You now have 37 gold pieces (gained 3).
You now have 54 gold pieces (gained 17).
Found 3 poisoned darts. 2 lemures come into view.
The lemure shouts!
You hear a shout! x2
You aren't carrying any scrolls.
Okay, then.
Okay, then.
You barely miss the lemure. The lemure hits you.
You barely miss the lemure. You hit the lemure.
The lemure is lightly wounded.
The lemure misses you. The lemure hits you.
You barely miss the lemure.
The lemure is lightly wounded.
The lemure hits you! The lemure hits you.
* * * LOW HITPOINT WARNING * * *
You hit the lemure but do no damage.
The lemure is lightly wounded.
The lemure closely misses you. The lemure hits you.
* * * LOW HITPOINT WARNING * * *
Pikel, Merchant of Souls comes into view.
He is wielding a +0 whip of freezing.
You completely miss the lemure.
The lemure is lightly wounded.
The lemure hits you!
You die...

### #.# ##.#
#.## ##.#
#.5# #@##
##5# #..#
####.###
#..K...##
....5###(..##
##.. ###..##
#. ##..### #.
##...##


You could see Pikel and 2 lemures.

Vanquished Creatures
  2 adders
  3 orcs (D:3)
  A bat (D:3)
  3 endoplasms
  2 giant cockroaches
  A goblin (D:3)
  A hobgoblin (D:3)
  A quokka (D:4)
  2 ball pythons
  A frilled lizard (D:3)
  A kobold (D:4)
18 creatures vanquished.

Notes
Turn   | Place    | Note
-------+----------+-------------------------------------------
     0 | D:1      | Bravepunisher the Spriggan Monk began the quest for the
                  | Orb.
     0 | D:1      | Reached XP level 1. HP: 11/11 MP: 2/2
   161 | D:3      | Reached XP level 2. HP: 11/16 MP: 3/3
   184 | D:3      | Found a stormy altar of Qazlal.
   212 | D:3      | Reached skill level 5 in Dodging
   295 | D:3      | Reached XP level 3. HP: 19/19 MP: 4/4
   495 | D:4      | Noticed a lemure
   495 | D:4      | Noticed a lemure
   511 | D:4      | Noticed Pikel
   512 | D:4      | Slain by a lemure

Illustrated notes

Levels and vault maps discovered:
D:1:      ncdulo_watergridlock, layout_loops_ring,
          shapermc_ecumenical_altar_mp_ritualfount, minmay_misc_feat_rugged,
          nrook_uturn
D:2:      layout_basic, uniq_robin
D:3:      layout_basic, mainiacjoe_overflow_paths, uniq_terence
D:4:      layout_cave_pods, gammafunk_ghost_grave, glass_columns_a, uniq_pikel

Skill      XL: |  1  2 |
---------------+-------+-----
Dodging        | 5 |  5.3
Fighting       | |  2.9
Short Blades   | |  3.2

Action                     || total
---------------------------++-------
  Melee: Short sword       ||    73
 Armour: Robe              ||    17
  Dodge: Dodged            ||    43

Table legend: (Time is in decaauts)
 A = Elapsed time spent in this place.
 B = Non-inter-level travel time spent in this place.
 C = Inter-level travel time spent in this place.
 D = Time resting spent in this place.
 E = Time spent auto-exploring this place.
 F = Levels seen in this place.
 G = Mean time per level.
                   A        B        C        D        E       F      G
               +--------+--------+--------+--------+--------+-----+--------+
         Total |    365 |    365 |      0 |     19 |    167 |   4 |   91.2 |
       Dungeon |    365 |    365 |      0 |     19 |    167 |   4 |   91.2 |
               +--------+--------+--------+--------+--------+-----+--------+

Top non-repeatable levels by time:
     D:3: 153 daAuts
     D:4: 119 daAuts
     D:1: 54 daAuts
     D:2: 39 daAuts
